 Dungeon Crawl Stone Soup version 0.21.1-1-g345015f (webtiles) character file.

1842 Fang the Chopper (level 9, -6/56 HPs)
             Began as a Gargoyle Berserker on May 3, 2018.
             Was a Priest of Trog.
             Mangled by Joseph
             ... wielding a +2 quarterstaff of draining
              (11 damage)
             ... on level 6 of the Dungeon on May 4, 2018.
             The game lasted 00:09:52 (7841 turns).

Fang the Chopper (Gargoyle Berserker)               Turns: 7841, Time: 00:09:52

Health: -6/56      AC: 10    Str: 24    XL:     9   Next: 12%
Magic:  9/9        EV: 13    Int:  8    God:    Trog [***...]
Gold:   403        SH:  0    Dex:  9    Spells: 8/8 levels left

rFire    . . .     SeeInvis .   v - +2 quarterstaff (chaos)
rCold    . . .     Gourm    .   (shield currently unavailable)
rNeg     + . .     Faith    .   b - +2 animal skin
rPois    ∞         Spirit   .   (no helmet)
rElec    +         Reflect  .   (no cloak)
rCorr    .         Harm     .   (no gloves)
MR       .....                  (no boots)
Stlth    ++........             (no amulet)
HPRegen  0.18/turn              (no ring)
MPRegen  0.11/turn              (no ring)

@: berserk cooldown, slowed, very slow
A: negative energy resistance 1, electricity resistance, unbreathing,
petrification resistance, rot immunity, AC +6
a: Berserk, Trog's Hand, Burn Spellbooks, Renounce Religion


You were on level 6 of the Dungeon.
You worshipped Trog.
Trog was most pleased with you.
You were not hungry.

You visited 2 branches of the dungeon, and saw 8 of its levels.

You collected 403 gold pieces.

Inventory:

Hand Weapons
 a - a +0 hand axe
 q - a +4 falchion
 v - a +2 quarterstaff of chaos (weapon)
Armour
 b - a +2 animal skin (worn)
Wands
 n - a wand of random effects (23)
 p - a wand of paralysis (7)
 r - a wand of polymorph (33)
 t - a wand of acid (5)
Scrolls
 e - a scroll of identify
 g - a scroll of remove curse
 h - a scroll of fear
 j - a scroll of teleportation
 m - a scroll of enchant armour
Potions
 d - 2 potions of flight
 f - 4 potions of mutation
 i - 3 potions of curing
 k - a potion of might
 l - a potion of brilliance
 s - 2 potions of heal wounds {unknown}
 u - a potion of haste
Books
 o - a book of Minor Magic

   Spells                             Type                      Level
   a - Magic Dart                     Conjuration                  1
   b - Blink                          Translocation                2
   c - Call Imp                       Summoning                    2
   d - Slow                           Hexes                        2
   e - Conjure Flame                  Conjuration/Fire             3
   f - Mephitic Cloud                 Conjuration/Poison/Air       3
   Trog disapproves of the use of such an item.
Comestibles
 c - 6 rations


   Skills:
 + Level 6.9 Fighting
 + Level 2.2 Long Blades
 + Level 7.6 Axes
 + Level 0.1 Staves
 + Level 2.3 Armour
 + Level 4.6 Dodging
 + Level 2.2 Stealth
 + Level 0.1 Unarmed Combat


You had 8 spell levels left.
You didn't know any spells.

Dungeon Overview and Level Annotations

Branches:
Dungeon (7/15)             Temple (1/1) D:5

Altars:
Ashenzari
Cheibriados
Dithmenos
Elyvilon
Fedhas
Gozag
Hepliaklqana
Kikubaaqudgha
Makhleb
Nemelex Xobeh
Okawaru
Qazlal
Ru
Sif Muna
Trog
Uskayaw
Vehumet
Wu Jian
Xom
Yredelemnul
Zin
The Shining One

Shops:
D:5 :

Annotations:
D:6 Joseph


Innate Abilities, Weirdness & Mutations

You are resistant to torment.
Your stone body is resilient. (AC +6)
You are immune to poison.
You resist negative energy. (rN+)
You are resistant to electric shocks. (rElec)
You can survive without breathing.
You are immune to petrification.
You are immune to rotting.


Message History

There is a stone staircase leading up here.
The shadow imp misses you.
Joseph zaps a wand.
You easily resist.
You climb upwards.
There is a stone staircase leading down here.
You closely miss Joseph.
Joseph is severely wounded.
The shadow imp barely misses you.
Joseph hits you with an uncursed quarterstaff of draining!
The shadow imp hits you.
* * * LOW HITPOINT WARNING * * *
Joseph hits you but does no damage.
You eat one of the 7 rations.
That ration really hit the spot!
The shadow imp barely misses you.
Joseph hits you with an uncursed quarterstaff of draining!
* * * LOW HITPOINT WARNING * * *
The shadow imp closely misses you.
You're still recovering from your berserk rage.
Joseph completely misses you. The shadow imp barely misses you.
Joseph hits you with an uncursed quarterstaff of draining!
You die...

#...############..........
#...##.#_###_#_##...[.....
#...#..#.#.#.#.8#.........
#...#_..................#.
#...##..................#.
#...#..#.#.#.#.8#.......#.
#...####_#.#####........#.
#...############..........
#.......@@................
##....###5####....#####.##
#....# #.# #....# #.#
###########.#############.##
#...........................
#...........................
#...........................
#...........................
#...........................


You could see Joseph and a shadow imp.

Vanquished Creatures
  A troll (D:6)
  The ghost of MemeProof the Covered, an amateur BaFi (D:5)
  Eustachio (D:5)
  The ghost of Bopaloobop the Sneak, an amateur DsWn of Kikubaaqudgha (D:3)
  An ice beast (D:6)
  An ogre (D:7)
  A centaur (D:5)
  Blork the orc (D:6)
  A scorpion (D:4)
  4 wights (D:6)
  A howler monkey (D:4)
  2 crimson imps
  A hound (D:6)
  A jelly (D:6)
  Crazy Yiuf (D:6)
  An orc priest (D:5)
  An orc wizard (D:5)
  3 iguanas
  Ijyb (D:4)
  A worker ant (D:4)
  A worker ant zombie (D:3)
  6 adders
  4 gnolls (D:5)
  A shadow imp (D:6)
  5 oozes
  2 adder skeletons
  2 worms
  4 dart slugs
  5 leopard geckos
  4 orcs
  A ball python (D:1)
  4 giant cockroaches
  5 hobgoblins
  12 jackals
  2 quokkas
  11 bats
  5 frilled lizards
  A giant cockroach zombie (D:3)
  5 goblins
  A jackal skeleton (D:4)
  14 kobolds
  A leopard gecko skeleton (D:5)
  2 quokka skeletons
  2 quokka zombies (D:5)
  5 rats
131 creatures vanquished.

Notes
Turn   | Place    | Note
-------+----------+-------------------------------------------
     0 | D:1      | Fang the Gargoyle Berserker began the quest for the Orb.
     0 | D:1      | Reached XP level 1. HP: 14/14 MP: 1/1
   244 | D:1      | Reached skill level 3 in Axes
   244 | D:1      | Reached XP level 2. HP: 16/19 MP: 2/2
   741 | D:1      | Reached XP level 3. HP: 23/24 MP: 3/3
   792 | D:1      | Reached ** piety under Trog
  1421 | D:2      | Reached XP level 4. HP: 29/29 MP: 4/4
  2450 | D:3      | Reached skill level 4 in Axes
  2460 | D:3      | Noticed Bopaloobop's ghost (amateur DsWn)
  2463 | D:3      | Reached XP level 5. HP: 32/33 MP: 5/5
  2471 | D:3      | Killed Bopaloobop's ghost
  2471 | D:3      | Reached XP level 6. HP: 39/39 MP: 6/6
  2595 | D:3      | Found a glowing silver altar of Zin.
  2874 | D:4      | Reached skill level 1 in Stealth
  3277 | D:4      | Reached skill level 5 in Axes
  3313 | D:4      | Reached *** piety under Trog
  3585 | D:4      | Reached skill level 5 in Fighting
  3723 | D:4      | Noticed Ijyb
  3733 | D:4      | Killed Ijyb
  3733 | D:4      | Reached XP level 7. HP: 43/44 MP: 7/7
  3851 | D:5      | Entered Level 5 of the Dungeon
  4137 | D:5      | Noticed MemeProof's ghost (amateur BaFi)
  4150 | D:5      | Killed MemeProof's ghost
  4150 | D:5      | Reached skill level 6 in Axes
  4611 | D:5      | Found Puste's Book Shoppe.
  4662 | D:5      | Noticed Eustachio
  5205 | D:5      | Killed Eustachio
  5205 | D:5      | Reached XP level 8. HP: 50/50 MP: 8/8
  5698 | D:5      | Found a staircase to the Ecumenical Temple.
  5707 | Temple   | Entered the Ecumenical Temple
  6069 | D:6      | Reached skill level 7 in Axes
  6355 | D:6      | Noticed Blork the orc
  6366 | D:6      | Killed Blork the orc
  6606 | D:6      | Noticed a troll
  6617 | D:6      | Killed a troll
  6617 | D:6      | Reached skill level 1 in Long Blades
  6913 | D:6      | Found a runed door.
  7153 | D:6      | Reached XP level 9. HP: 55/56 MP: 9/9
  7298 | D:6      | Found a glowing golden altar of the Shining One.
  7329 | D:6      | Found a deep blue altar of Sif Muna.
  7330 | D:6      | Found a stormy altar of Qazlal.
  7332 | D:6      | Found a sacrificial altar of Ru.
  7336 | D:6      | Found a radiant altar of Vehumet.
  7479 | D:6      | Noticed Crazy Yiuf
  7488 | D:6      | Killed Crazy Yiuf
  7813 | D:7      | Noticed Joseph
  7841 | D:6      | Mangled by Joseph

Skill      XL: |  1  2  3  4  5  6  7  8  9 |
---------------+----------------------------+-----
Axes           | 3 4 5 6 7 |  7.6
Fighting       | 4 5 6 |  6.9
Dodging        | 2 3 4 |  4.6
Stealth        | 1 2 |  2.2
Long Blades    | 1 2 |  2.2
Staves         | |  0.1
Armour         | |  2.3
Unarmed Combat | |  0.1

Action                   |  1- 3 |  4- 6 |  7- 9 || total
-------------------------+-------+-------+-------++-------
Melee: Hand axe          |   126 |   177 |   183 ||   486
       Falchion          |       |       |    48 ||    48
       Unarmed           |       |       |     1 ||     1
       Quarterstaff      |       |       |    18 ||    18
Invok: Berserk           |       |     2 |    11 ||    13
  Use: Scroll            |       |     7 |     6 ||    13
       Potion            |       |       |     2 ||     2
 Stab: Sleeping          |       |     1 |     1 ||     2
  Eat: Chunk             |     1 |     9 |     9 ||    19
       Ration            |       |       |     5 ||     5
Armor: Animal skin       |    45 |    50 |    99 ||   194
Dodge: Dodged            |   104 |   104 |   231 ||   439
       Rpst.: Falchion   |       |       |     8 ||     8
